 Dungeon Crawl Stone Soup version 0.23.2-33-g5129a83184 (webtiles) character file.

Game seed: 14825435381407539688

2552 troglodite the Protected (level 9, -3/74 HPs)
             Began as a Gnoll Wanderer on July 6, 2019.
             Was a Follower of Ashenzari.
             Slain by a bullfrog (5 damage)
             ... on level 7 of the Dungeon.
             The game lasted 00:20:07 (7095 turns).

troglodite the Protected (Gnoll Wanderer)           Turns: 7095, Time: 00:20:08

Health: -3/74      AC: 15    Str: 14    XL:     9   Next: 56%
Magic:  15/15      EV: 11    Int: 18    God:    Ashenzari [*.....]
Gold:   337        SH:  5    Dex: 15    Spells: 16/16 levels left

rFire    . . .     SeeInvis .   q - +2 falchion (vamp) (curse)
rCold    . . .     Gourm    .   p - +0 buckler
rNeg     + . .     Faith    .   b - +5 scale mail (curse)
rPois    .         Spirit   .   (no helmet)
rElec    .         Reflect  .   t - +1 cloak (curse)
rCorr    .         Harm     .   (no gloves)
MR       .....                  (no boots)
Stlth    +.........             (no amulet)
HPRegen  0.22/turn              g - ring of positive energy
MPRegen  0.14/turn              (no ring)

@: drained
A: distributed training, fangs 1, strong nose
a: Curse Item, Scrying, Renounce Religion


You were on level 7 of the Dungeon.
You worshipped Ashenzari.
Ashenzari was aware of your devotion.
You were very hungry.

You visited 1 branch of the dungeon, and saw 7 of its levels.

You collected 337 gold pieces.

Inventory:

Hand Weapons
 q - a cursed +2 vampiric falchion (weapon)
Armour
 b - a cursed +5 scale mail (worn)
 p - a +0 buckler (worn)
 t - a cursed +1 cloak (worn)
Jewellery
 g - a ring of positive energy (left hand)
Wands
 s - a wand of acid (9)
 v - a wand of paralysis (8)
Scrolls
 e - 2 scrolls of teleportation
 h - a scroll of magic mapping {unknown}
 i - 6 scrolls of identify {unknown}
 l - a scroll of blinking {unknown}
 r - 2 scrolls of remove curse
Potions
 a - a potion of brilliance {unknown}
 c - 3 potions of curing
 f - a potion of ambrosia {unknown}
 j - 3 potions of might
 k - a potion of agility {unknown}
 m - 2 potions of lignification {unknown}
 n - 5 potions of haste {unknown}
 o - a potion of flight {unknown}
 w - a potion of magic {unknown}
Comestibles
 d - 4 rations


   Skills:
 + Level 7.9(7.2) Fighting
 + Level 4.3(3.6) Short Blades
 + Level 5.1(4.4) Long Blades
 + Level 4.3(3.6) Axes
 + Level 4.3(3.6) Maces & Flails
 + Level 4.3(3.6) Polearms
 + Level 4.3(3.6) Staves
 + Level 4.3(3.6) Slings
 + Level 4.3(3.6) Bows
 + Level 4.3(3.6) Crossbows
 + Level 4.3(3.6) Throwing
 + Level 9.6(8.8) Armour
 + Level 4.3(3.6) Dodging
 + Level 4.3(3.6) Stealth
 + Level 6.3(5.6) Shields
 + Level 4.3(3.6) Unarmed Combat
 + Level 4.3(3.6) Spellcasting
 + Level 3.5(2.9) Conjurations
 + Level 3.5(2.9) Hexes
 + Level 3.5(2.9) Charms
 + Level 3.5(2.9) Summonings
 + Level 3.5(2.9) Necromancy
 + Level 3.5(2.9) Translocations
 + Level 3.5(2.9) Transmutations
 + Level 3.5(2.9) Fire Magic
 + Level 3.5(2.9) Ice Magic
 + Level 3.5(2.9) Air Magic
 + Level 3.5(2.9) Earth Magic
 + Level 3.5(2.9) Poison Magic
 + Level 4.7(4.1) Invocations
 + Level 4.3(3.6) Evocations


You had 16 spell levels left.
You didn't know any spells.
Your spell library was empty.

Dungeon Overview and Level Annotations

Branches:
Dungeon (7/15)             Temple (0/1) D:6

Altars:
Ashenzari
Fedhas
Gozag
Hepliaklqana
Kikubaaqudgha
Okawaru
Qazlal
Ru
Sif Muna
Vehumet
Wu Jian
Xom
Yredelemnul
Zin

Shops:
D:5 =

Annotations:
D:7 Joseph


Innate Abilities, Weirdness & Mutations

Your experience applies equally to all skills.
You have very sharp teeth.
Your uncanny sense of smell can sniff out nearby items.


Message History

As you read the scroll of teleportation, it crumbles to dust.
You feel strangely unstable.
You are feeling very hungry.
Joseph zaps a wand.
You are blasted!
* * * LOW HITPOINT WARNING * * *
Joseph unwields a +0 quarterstaff.
Joseph wields a +0 hunting sling.
Joseph shoots a sling bullet.
The sling bullet closely misses you.
Joseph shoots a sling bullet.
The sling bullet hits you!
* * * LOW HITPOINT WARNING * * *
You see here a sling bullet.
Joseph shoots a sling bullet.
You block the sling bullet.
You see here 2 sling bullets.
Your surroundings suddenly seem different.
Found a stone staircase leading down.
A bullfrog comes into view.
The helpless bullfrog fails to defend itself.
You hit the bullfrog.
The bullfrog is moderately wounded.
The bullfrog hits you.
You die...

.....................#...........
.....................#.........(.
..###########...####.##.########(
..## ..##...####.##.##...###(
...# .........#...........#..
..## .........#...........+.. ..#
.........#...........#.. ..#
.....>F..#...........#.. ..#
.......@.#...........#.. ..#
.........+...........#.. ..# ∆
.........#...........#.. ###
########################


You could see a bullfrog.

Vanquished Creatures
  Pikel (D:6)
  Prince Ribbit (D:7)
  Grinder (D:3)
  A sky beast (D:5)
  An orc warrior (D:5)
  3 ogres
  A water moccasin zombie (D:7)
  A scorpion (D:4)
  4 killer bees (D:7)
  2 wights (D:7)
  2 crimson imps
  A centaur zombie (D:7)
  A jelly (D:4)
  8 hounds
  An orc wizard (D:4)
  2 orc priests
  2 bullfrog skeletons
  4 worker ants
  6 adders
  7 gnolls
  A shadow imp (D:7)
  2 worms
  3 dart slugs
  6 leopard geckos
  22 orcs
  6 giant cockroaches
  5 goblins
  5 hobgoblins
  8 jackals
  5 kobolds
  8 quokkas
  5 bats
  A frilled lizard (D:4)
  2 leopard gecko skeletons
  7 rats
136 creatures vanquished.

Notes
Turn   | Place    | Note
-------+----------+-------------------------------------------
     0 | D:1      | troglodite the Gnoll Wanderer began the quest for the Orb.
     0 | D:1      | troglodite set off with the following items: a +0 falchion,
                  | a +2 scale mail, a potion of curing, a ration
     0 | D:1      | Reached XP level 1. HP: 23/23 MP: 1/1
   740 | D:1      | Reached XP level 2. HP: 29/29 MP: 2/2
   946 | D:2      | Reached XP level 3. HP: 33/35 MP: 3/3
  1026 | D:2      | Reached skill level 1 in Invocations
  1036 | D:2      | HP: 1/35 [gnoll/+0 spear (2)]
  1042 | D:2      | Reached skill level 1 in Short Blades
  1042 | D:2      | Reached skill level 1 in Axes
  1042 | D:2      | Reached skill level 1 in Maces & Flails
  1042 | D:2      | Reached skill level 1 in Polearms
  1042 | D:2      | Reached skill level 1 in Staves
  1042 | D:2      | Reached skill level 1 in Slings
  1042 | D:2      | Reached skill level 1 in Bows
  1042 | D:2      | Reached skill level 1 in Crossbows
  1042 | D:2      | Reached skill level 1 in Throwing
  1042 | D:2      | Reached skill level 1 in Dodging
  1042 | D:2      | Reached skill level 1 in Stealth
  1042 | D:2      | Reached skill level 1 in Unarmed Combat
  1042 | D:2      | Reached skill level 1 in Spellcasting
  1042 | D:2      | Reached skill level 1 in Evocations
  1042 | D:2      | Reached XP level 4. HP: 5/41 MP: 5/5
  1448 | D:2      | Reached skill level 1 in Conjurations
  1448 | D:2      | Reached skill level 1 in Hexes
  1448 | D:2      | Reached skill level 1 in Charms
  1448 | D:2      | Reached skill level 1 in Summonings
  1448 | D:2      | Reached skill level 1 in Necromancy
  1448 | D:2      | Reached skill level 1 in Translocations
  1448 | D:2      | Reached skill level 1 in Transmutations
  1448 | D:2      | Reached skill level 1 in Fire Magic
  1448 | D:2      | Reached skill level 1 in Ice Magic
  1448 | D:2      | Reached skill level 1 in Air Magic
  1448 | D:2      | Reached skill level 1 in Earth Magic
  1448 | D:2      | Reached skill level 1 in Poison Magic
  1785 | D:2      | Reached XP level 5. HP: 45/47 MP: 6/6
  1913 | D:3      | Found a stormy altar of Qazlal.
  1963 | D:3      | Found a shimmering altar of Xom.
  1982 | D:3      | Noticed an angel
  1985 | D:3      | Found a glowing silver altar of Zin.
  2373 | D:3      | Noticed Grinder
  2381 | D:3      | Paralysed by Grinder for 7 turns
  2400 | D:3      | Killed Grinder
  2400 | D:3      | Reached skill level 5 in Shields
  2400 | D:3      | Reached XP level 6. HP: 31/53 MP: 7/9
  2576 | D:3      | Found a blossoming altar of Fedhas.
  2579 | D:3      | Found a radiant altar of Vehumet.
  2580 | D:3      | Found a hazy altar of Hepliaklqana.
  2580 | D:3      | Found a shattered altar of Ashenzari.
  2580 | D:3      | Found an ornate altar of the Wu Jian Council.
  2580 | D:3      | Found a basalt altar of Yredelemnul.
  2581 | D:3      | Found a sacrificial altar of Ru.
  2606 | D:3      | Found an ancient bone altar of Kikubaaqudgha.
  2607 | D:3      | Found an iron altar of Okawaru.
  2617 | D:3      | Became a worshipper of Ashenzari the Shackled
  2761 | D:4      | Reached XP level 7. HP: 29/59 MP: 10/10
  3542 | D:4      | Found an opulent altar of Gozag.
  3733 | D:4      | Reached skill level 9 in Armour
  4172 | D:4      | Reached XP level 8. HP: 38/67 MP: 12/12
  4616 | D:5      | Entered Level 5 of the Dungeon
  4626 | D:5      | Found Pevuxt's Jewellery Shoppe.
  5846 | D:6      | Found a staircase to the Ecumenical Temple.
  5920 | D:6      | Noticed Pikel
  5964 | D:6      | Killed Pikel
  5964 | D:6      | Reached XP level 9. HP: 44/73 MP: 14/14
  6190 | D:6      | Found a deep blue altar of Sif Muna.
  6468 | D:7      | Reached * piety under Ashenzari
  6579 | D:7      | Noticed Prince Ribbit
  6608 | D:7      | Killed Prince Ribbit
  6730 | D:7      | Reached skill level 5 in Long Blades
  7073 | D:7      | Noticed Joseph
  7092 | D:7      | HP: 1/74 [Joseph/sling bullet (13)]
  7095 | D:7      | Slain by a bullfrog

Skill      XL: |  1  2  3  4  5  6  7  8  9 |
---------------+----------------------------+-----
Invocations    | 1 2 3 4 |  4.7
Short Blades   | 1 2 3 4 |  4.3
Axes           | 1 2 3 4 |  4.3
Maces & Flails | 1 2 3 4 |  4.3
Polearms       | 1 2 3 4 |  4.3
Staves         | 1 2 3 4 |  4.3
Slings         | 1 2 3 4 |  4.3
Bows           | 1 2 3 4 |  4.3
Crossbows      | 1 2 3 4 |  4.3
Throwing       | 1 2 3 4 |  4.3
Dodging        | 1 2 3 4 |  4.3
Stealth        | 1 2 3 4 |  4.3
Unarmed Combat | 1 2 3 4 |  4.3
Spellcasting   | 1 2 3 4 |  4.3
Evocations     | 1 2 3 4 |  4.3
Conjurations   | 1 2 3 |  3.5
Hexes          | 1 2 3 |  3.5
Charms         | 1 2 3 |  3.5
Summonings     | 1 2 3 |  3.5
Necromancy     | 1 2 3 |  3.5
Translocations | 1 2 3 |  3.5
Transmutations | 1 2 3 |  3.5
Fire Magic     | 1 2 3 |  3.5
Ice Magic      | 1 2 3 |  3.5
Air Magic      | 1 2 3 |  3.5
Earth Magic    | 1 2 3 |  3.5
Poison Magic   | 1 2 3 |  3.5
Long Blades    | 3 4 5 |  5.1
Shields        | 5 6 |  6.3
Fighting       | 7 |  7.9
Armour         | 9 |  9.6

Action                   |  1- 3 |  4- 6 |  7- 9 || total
-------------------------+-------+-------+-------++-------
Melee: Falchion          |    70 |   166 |   541 ||   777
       Bite              |     7 |    18 |    76 ||   101
       Punch             |       |     2 |       ||     2
Invok: Curse Item        |       |     1 |     1 ||     2
  Use: Potion            |     1 |     2 |     2 ||     5
       Scroll            |       |       |     7 ||     7
 Stab: Sleeping          |       |       |     1 ||     1
  Eat: Chunk             |       |     5 |    13 ||    18
       Ration            |       |       |     2 ||     2
Armor: Scale mail        |    51 |   105 |   203 ||   359
Dodge: Dodged            |    52 |   108 |   254 ||   414
Block: Buckler           |       |       |   154 ||   154
       Rpst.: Falchion   |    18 |    34 |    74 ||   126
